 Dungeon Crawl Stone Soup version 0.31-a0-365-gcf821cafb2 (webtiles) character file.

Game seed: 8974320214736766023

31775 Monkooky the Mimic (level 13, -8/80 HPs)
             Began as a Kobold Shapeshifter on July 27, 2023.
             Was a High Priest of Wu Jian.
             Engulfed by a cloud of flame (27 damage)
             ... in a Gauntlet on July 28, 2023.
             The game lasted 00:41:02 (15136 turns).

Monkooky the Mimic (Kobold Shapeshifter)           Turns: 15136, Time: 00:41:02

Health: -8/80      AC:  9    Str: 19    XL:     13   Next: 98%
Magic:  17/17      EV: 27    Int:  9    God:    Wu Jian [*****.]
Gold:   659        SH:  0    Dex: 20    Spells: 14/17 levels left

rFire   . . .        v - +3 dagger (speed)
rCold   . . .        (no shield)
rNeg    . . .        C - melded +1 leather armour "Sodusein" {rElec rPois Str+2 Dex+3}
rPois   .            h - +0 helmet
rElec   .            J - +2 cloak {Will+}
rCorr   .            I - +2 pair of gloves
SInv    .            a - +1 pair of boots
Will    +....        z - amulet of faith
Stlth   ++++++       q - +5 ring of evasion
HPRegen 0.33/turn    g - +6 ring of strength
MPRegen 0.15/turn

%: no teleportation, faith
@: exhausted, maw-form
A: devouring maw, small, no large weapons, nightstalker 3
a: Begin Untransformation, Renounce Religion, Wall Jump, Serpent's Lash,
Heavenly Storm


You were in a Gauntlet.
You worshipped Wu Jian.
Wu Jian was extremely pleased with you.
You were a creature with a mouth for a stomach.
You visited 3 branches of the dungeon, and saw 16 of its levels.
You also visited: Ossuary, Bailey and Gauntlet.

You collected 794 gold pieces.
You spent 135 gold pieces at shops.

Inventory:

Hand Weapons
 k - a +2 antimagic dagger
 n - a +2 dagger of draining
 v - a +3 dagger of speed (weapon)
Missiles
 e - 3 throwing nets
 t - 11 poisoned darts
 R - a curare-tipped dart
Armour
 a - a +1 pair of boots (worn)
 h - a +0 helmet (worn)
 C - the +1 leather armour "Sodusein" (melded) {rElec rPois Str+2 Dex+3}
   (You found it on level 4 of the Dungeon)

   Str:       It affects your strength (+2).
   Dex:       It affects your dexterity (+3).
   rElec:     It insulates you from electricity.
   rPois:     It protects you from poison.
 I - a +2 pair of gloves (worn)
 J - a +2 cloak of willpower (worn)
Jewellery
 b - a ring of poison resistance
 g - a +6 ring of strength (right hand)
 q - a +5 ring of evasion (left hand)
 x - a ring of flight
 z - an amulet of faith (around neck)
 M - the ring "Yfunuino" {Drain rCorr Str+5}
   (You found it on level 5 of the Dungeon)

   [ring of resist corrosion]

   Str:       It affects your strength (+5).
   rCorr:     It protects you from acid and corrosion.
   Drain:     It drains your maximum health when unequipped.
Talismans
 c - a beast talisman
 y - a blade talisman
 Q - a serpent talisman
 Z - a maw talisman
Wands
 H - a wand of flame (18)
 K - a wand of roots (12)
 N - a wand of quicksilver (10)
Scrolls
 i - 6 scrolls of teleportation
 j - 6 scrolls of vulnerability {unknown}
 p - 4 scrolls of brand weapon {unknown}
 u - 4 scrolls of fear
 w - 4 scrolls of fog
 A - 2 scrolls of butterflies
 E - a scroll of noise
 O - a scroll of amnesia
 S - a scroll of immolation {unknown}
 T - a scroll of revelation
 X - a scroll of poison
 Y - a scroll of torment {unknown}
Potions
 d - a potion of attraction
 f - 6 potions of curing
 l - a potion of haste
 m - 2 potions of resistance {unknown}
 o - 5 potions of heal wounds
 r - a potion of cancellation
 s - 2 potions of might {unknown}
 B - 3 potions of enlightenment
 D - a potion of magic
 F - a potion of mutation
 G - a potion of invisibility {unknown}
 P - 3 potions of brilliance {unknown}


   Skills:
 - Level 9.2 Fighting
 - Level 10.0 Short Blades
 - Level 7.1 Ranged Weapons
 - Level 10.2 Dodging
 - Level 10.8 Stealth
 - Level 3.1 Unarmed Combat
 - Level 2.6 Spellcasting
 - Level 4.0 Air Magic
 - Level 7.0 Evocations
 * Level 11.9 Shapeshifting


You had 14 spell levels left.
You knew the following spells:

 Your Spells              Type           Power      Damage    Failure   Level
a - Swiftness             Air            8%         N/A       19%         3

Your spell library contained the following spells:

 Spells                   Type           Power      Damage    Failure   Level
 Cigotuvi's Dreadful Rot  Necr/Pois/Air  6%         N/A       26%         2
 Summon Small Mammal      Summ           4%         N/A       30%         1
 Ensorcelled Hibernation  Hex/Ice        2%         N/A       43%         2
 Passwall                 Tmut/Erth      0%         N/A       43%         2
 Sublimation of Blood     Necr           1%         N/A       43%         2
 Call Canine Familiar     Summ           1%         N/A       67%         3
 Ignite Poison            Fire/Tmut/Pois 1%         N/A       67%         3
 Inner Flame              Hex/Fire       1%         N/A       67%         3
 Ozocubu's Armour         Ice            1%         N/A       67%         3
 Portal Projectile        Hex/Tloc       2%         N/A       67%         3
 Summon Guardian Golem    Hex/Summ       1%         N/A       67%         3
 Tukima's Dance           Hex            1%         N/A       67%         3
 Iskenderun's Mystic Bla  Conj/Tloc      1%         2d3       97%         4
 Petrify                  Tmut/Erth      1%         N/A       97%         4
 Freezing Cloud           Conj/Ice/Air   1%         6-21      99%         5
 Irradiate                Conj/Tmut      0%         3d11      100%        5
 Metabolic Englaciation   Hex/Ice        0%         N/A       100%        5
 Yara's Violent Unravell  Hex/Tmut       0%         3d3       100%        5
 Simulacrum               Ice/Necr       0%         N/A       100%        6
 Enfeeble                 Hex            0%         N/A       100%        7


Dungeon Overview and Level Annotations

Branches:
Dungeon (12/15)            Temple (1/1) D:6            Lair (3/5) D:8
  Swamp (0/4) Lair:3        Snake (0/4) Lair:2          Orc (0/2) D:9
Ossuary (visited)          Bailey (visited)         Gauntlet (1/1)

Altars:
Ashenzari
Cheibriados
Dithmenos
Elyvilon
Fedhas
Gozag
Hepliaklqana
Kikubaaqudgha
Makhleb
Nemelex Xobeh
Okawaru
Qazlal
Ru
Sif Muna
Trog
Uskayaw
Vehumet
Wu Jian
Xom
Yredelemnul
Zin
The Shining One

Shops:
D:1 ?   D:9 [

Annotations:
D:9 3 runed translucent doors, exclusion: obsidian statue Gauntlet 11 transporters, 2 runed translucent doors


Innate Abilities, Weirdness & Mutations

You are a creature with a mouth for a stomach.
Your midsection houses a second, enormous mouth.
You are small and have problems with some larger weapons.
You are completely attuned to the shadows.


Message History

You spin and attack the fire bat repeatedly.
You hit the fire bat.
The fire bat is heavily wounded.
You closely miss the fire bat. You bite the fire bat!
You kill the fire bat!
The Council accepts your kill. The fire crab breathes flames at you.
The blast of flame misses you.
You hit the fire crab.
The fire crab is almost dead.
You are engulfed in blazing flames.
You barely miss the fire crab.
The fire crab is almost dead.
You are engulfed in blazing flames.
The fire crab completely misses you. The fire crab closely misses you.
You barely miss the fire crab.
You bite the fire crab, but do no damage.
The fire crab is almost dead.
You are engulfed in blazing flames.
* * * LOW HITPOINT WARNING * * *
Unknown command.
You hit the fire crab but do no damage. You bite the fire crab.
The fire crab is almost dead.
You are engulfed in blazing flames.
* * * LOW HITPOINT WARNING * * *
Unknown command.
Press: ? - help, v - describe, . - travel
Here: a fire crab (flame, almost dead)
The floor.
You hit the fire crab.
You devour the fire crab!
You feel better.
You kill the fire crab!
The Council accepts your kill.
You are engulfed in blazing flames.
* * * LOW HITPOINT WARNING * * *
Unknown command.
Press: ? - help, v - describe, . - travel The floor.
There is a cloud of flame here.
You are engulfed in blazing flames.
You die...

.#########################..###
........#.........#.........≈#
....§§..#..##.##..#........###
≈#≈#§#..#.##...##.#..#≈#≈#≈#
######..#.#○....#.#..#######
#≈..#.h.°°°.°°#..≈#
######..#.#.°○°.#°#..#######
≈#≈#§#..#.##°t°##°#..#≈#≈#≈#
...§§...#..##°##W°#........###
........#..[!©$°.°#.........≈#
.#########################..###
.#......... .©...........#..§≈#
.#.©.........©.........©.#..§###
############# ##############..≈#
Y#.....#.#... ...#.#....YYY#.§##
.#..##.#.#.## ##.#.#.####YY#.§§#
..# ..##.#.+. .+.#.#.#. ##.#.§##


There were no monsters in sight!

Vanquished Creatures
  Fannar (Lair:1)
  3 hydras
  A two-headed ogre (Bailey)
  Urug (Lair:2)
  A fire crab (Gauntlet)
  A steelbarb worm (shapeshifter) (D:8)
  6 elephants
  Joseph (D:8)
  3 black mambas
  9 cane toads
  9 komodo dragons
  2 rime drakes
  A troll (D:12)
  A meliai (D:8)
  A polar bear (Lair:1)
  A hornet (Lair:3)
  A dream sheep (Lair:2)
  3 flying skulls (Gauntlet)
  A vampire (D:11)
  Sigmund (D:5)
  6 spriggans (Bailey)
  5 basilisks
  32 yaks
  5 fire bats (Gauntlet)
  2 wraiths
  6 wyverns
  3 vampire mosquitoes (Lair:3)
  4 steam dragons
  3 nagas (Lair:2)
  3 acid dragons
  16 water moccasins
  2 sky beasts
  Duvessa (D:5)
  3 orc warriors
  3 ice beasts
  2 black bears
  7 ogres
  2 centaurs
  A wolf (Lair:2)
  A kobold brigand (D:8)
  A gnoll sergeant (D:10)
  14 bullfrogs
  7 scorpions
  8 wights
  Dowan (D:5)
  4 killer bees (D:8)
  4 electric eels (D:10)
  4 howler monkeys
  3 centaur zombies (Ossuary)
  A jelly (D:6)
  2 human zombies (Ossuary)
  5 orc priests
  Crazy Yiuf (D:4)
  3 hounds
  2 gnoll boudas
  2 sleepcaps
  Ijyb (D:5)
  6 orc wizards
  4 iguanas
  4 scorpion zombies (Ossuary)
  4 mummies
  14 gnolls
  11 adders
  2 shadow imps
  2 white imps (D:6)
  2 ufetubi
  4 worms
  2 dart slugs
  26 orcs
  4 endoplasms
  5 giant cockroaches
  18 goblins
  10 hobgoblins
  3 jackals
  12 kobolds
  3 quokkas
  2 training dummies (D:5)
  11 ball pythons
  3 bats
  2 frilled lizards (D:1)
  3 goblin zombies
  3 hobgoblin zombies (Ossuary)
  2 kobold zombies
  9 rats
389 creatures vanquished.

Notes
Turn   | Place    | Note
-------+----------+-------------------------------------------
     0 | D:1      | Monkooky the Kobold Shapeshifter began the quest for the
                  | Orb.
     0 | D:1      | Reached XP level 1. HP: 12/12 MP: 1/1
    66 | D:1      | Found Newkan's Magic Scroll Boutique.
   279 | D:1      | Reached XP level 2. HP: 8/16 MP: 0/2
   350 | D:1      | Reached skill level 1 in Short Blades
   454 | D:1      | Reached XP level 3. HP: 21/21 MP: 1/3
  1206 | D:2      | Reached XP level 4. HP: 23/26 MP: 4/4
  1800 | D:3      | Reached XP level 5. HP: 30/30 MP: 5/5
  1884 | D:3      | Reached skill level 5 in Short Blades
  2577 | D:4      | Found a sand-covered staircase.
  2580 | D:4      | Reached XP level 6. HP: 35/35 MP: 6/6
  2602 | Ossuary  | Entered an ossuary
  2818 | Ossuary  | Reached XP level 7. HP: 32/39 MP: 7/7
  3263 | D:4      | Reached skill level 10 in Short Blades
  3287 | D:4      | Reached XP level 8. HP: 44/44 MP: 8/8
  3366 | D:4      | Identified the +1 leather armour "Sodusein" {rElec rPois
                  | Str+2 Dex+3}
  3763 | D:4      | Identified the +9 hammer "Fussed" {venom, Str+2}
  3769 | D:4      | Found a runed translucent door.
  3788 | D:4      | Noticed Crazy Yiuf
  3793 | D:4      | Killed Crazy Yiuf
  4032 | D:5      | Entered Level 5 of the Dungeon
  4122 | D:5      | Reached skill level 5 in Dodging
  4294 | D:5      | Noticed Duvessa
  4295 | D:5      | Noticed Dowan
  4304 | D:5      | Killed Duvessa
  4305 | D:5      | Reached skill level 5 in Fighting
  4314 | D:5      | Killed Dowan
  4416 | D:5      | Reached XP level 9. HP: 54/54 MP: 9/9
  4561 | D:5      | Noticed Ijyb
  4567 | D:5      | Noticed Sigmund
  4570 | D:5      | Killed Ijyb
  4693 | D:5      | Killed Sigmund
  4776 | D:5      | Identified the ring "Yfunuino" {Drain rCorr Str+5}
  4834 | D:5      | Identified the +6 falchion "Pyastriubb" {venom, rElec Will+
                  | rCorr Dex+3}
  5389 | D:6      | Found a staircase to the Ecumenical Temple.
  5396 | Temple   | Entered the Ecumenical Temple
  5423 | Temple   | Became a worshipper of the Wu Jian Council
  5530 | D:6      | Found a hide-covered altar of Uskayaw.
  5536 | D:6      | Found an ancient bone altar of Kikubaaqudgha.
  5538 | D:6      | Found a radiant altar of Vehumet.
  5539 | D:6      | Found a shadowy altar of Dithmenos.
  5545 | D:6      | Reached skill level 1 in Evocations
  5552 | D:6      | Found a sacrificial altar of Ru.
  5945 | D:7      | Reached skill level 5 in Evocations
  6053 | D:7      | Reached XP level 10. HP: 63/63 MP: 10/10
  6226 | D:7      | Learned a level 3 spell: Swiftness
  6499 | D:7      | Reached skill level 1 in Air Magic
  6530 | D:7      | Reached skill level 1 in Spellcasting
  6714 | D:8      | Found a staircase to the Lair.
  6772 | D:8      | Reached * piety under Wu Jian
  6813 | D:8      | Reached skill level 1 in Stealth
  6965 | D:8      | Noticed Joseph
  7421 | D:8      | Killed Joseph
  7479 | D:8      | Found a hazy altar of Hepliaklqana.
  7511 | D:8      | Found a white marble altar of Elyvilon.
  7664 | D:8      | Reached skill level 5 in Stealth
  7966 | D:8      | Noticed a steelbarb worm
  7981 | D:8      | Killed a steelbarb worm
  7982 | D:8      | Reached XP level 11. HP: 16/68 MP: 15/15
  8613 | D:9      | Reached ** piety under Wu Jian
  8710 | D:9      | Found Dirph's Antique Armour Shoppe.
  8758 | D:9      | Found a flagged portal.
  8764 | Bailey   | Entered a bailey
  8965 | Bailey   | Noticed a two-headed ogre
  8983 | Bailey   | Killed a two-headed ogre
  9031 | Bailey   | Reached skill level 10 in Stealth
  9235 | Bailey   | Found the +10 morningstar "Eos" {elec, Halo rElec}
  9362 | D:9      | Reached skill level 10 in Dodging
  9391 | D:9      | Found a staircase to the Orcish Mines.
  9545 | D:9      | Found a runed translucent door.
  9559 | D:9      | Found a runed translucent door.
  9572 | D:9      | Found a runed translucent door.
  9591 | D:9      | Found a runed translucent door.
  9716 | D:9      | Bought a pair of runed boots for 135 gold pieces
  9873 | D:9      | Found a shimmering blue altar of Sif Muna.
 10116 | D:9      | Noticed an obsidian statue
 10188 | Lair:1   | Entered Level 1 of the Lair of Beasts
 10246 | Lair:1   | Noticed Fannar
 10399 | Lair:1   | Killed Fannar
 10400 | Lair:1   | Reached skill level 4 in Shapeshifting
 10568 | Lair:1   | Reached XP level 12. HP: 70/76 MP: 16/16
 10696 | Lair:1   | Reached *** piety under Wu Jian
 10723 | Lair:1   | Reached skill level 5 in Shapeshifting
 10819 | Lair:1   | Reached skill level 1 in Ranged Weapons
 10903 | Lair:1   | Reached skill level 5 in Ranged Weapons
 11518 | Lair:2   | Reached skill level 6 in Shapeshifting
 11567 | Lair:2   | Noticed a five-headed hydra
 11570 | Lair:2   | Noticed Urug
 11570 | Lair:2   | Killed a five-headed hydra
 11573 | Lair:2   | Killed Urug
 11574 | Lair:2   | Reached skill level 7 in Shapeshifting
 11952 | Lair:2   | Reached **** piety under Wu Jian
 12046 | Lair:2   | Found a staircase to the Snake Pit.
 12208 | Lair:1   | Reached skill level 8 in Shapeshifting
 12208 | Lair:1   | Reached XP level 13. HP: 63/80 MP: 17/17
 12623 | Lair:2   | Noticed a five-headed hydra
 12635 | Lair:2   | Reached skill level 9 in Shapeshifting
 12635 | Lair:2   | Killed a five-headed hydra
 13270 | Lair:3   | Noticed an eight-headed hydra
 13273 | Lair:3   | Killed an eight-headed hydra
 13274 | Lair:3   | Reached skill level 10 in Shapeshifting
 13574 | Lair:3   | Reached ***** piety under Wu Jian
 13854 | Lair:3   | Reached skill level 11 in Shapeshifting
 14016 | Lair:3   | Found a staircase to the Swamp.
 14426 | D:10     | Entered Level 10 of the Dungeon
 14621 | D:10     | You fall into a shaft and drop 2 floors!
 14681 | D:11     | Found a gate leading to a gauntlet.
 14694 | Gauntlet | Entered a Gauntlet
 14694 | Gauntlet | Found a transporter.
 14702 | Gauntlet | Found a transporter.
 14720 | Gauntlet | Found a transporter.
 14733 | Gauntlet | Found a transporter.
 14746 | Gauntlet | Noticed a dire elephant
 14751 | Gauntlet | Found a transporter.
 14758 | Gauntlet | Noticed a dire elephant
 14761 | Gauntlet | Found a transporter.
 14772 | Gauntlet | Found a runed translucent door.
 14782 | Gauntlet | Found a transporter.
 14800 | Gauntlet | Found a transporter.
 14831 | Gauntlet | Found a transporter.
 14843 | Gauntlet | Found a transporter.
 14935 | Gauntlet | Found a runed translucent door.
 15103 | Gauntlet | Found a transporter.
 15103 | Gauntlet | Found a transporter.
 15108 | Gauntlet | Found a transporter.
 15127 | Gauntlet | Found a transporter.
 15136 | Gauntlet | Engulfed by a cloud of flame

Illustrated notes

Levels and vault maps discovered:
D:1:      lightli_molten_gateway, layout_loops_ring, serial_shops,
          nicolae_shop_tiny_waterfront
D:2:      layout_rooms, serial_rivers, chequers_serial_rivers_room_b,
          chequers_serial_rivers_large_b, chequers_serial_rivers_room_a,
          chequers_serial_rivers_small_a, chequers_serial_rivers_small_a,
          minmay_surrounded
D:3:      layout_rooms
D:4:      minmay_bubble_buster, layout_cave_pools, nicolae_ossuary_entry_giza,
          hangedman_feature_mirror, uniq_crazy_yiuf_cottage
D:5:      dreamdust_elfheim, layout_rooms, uniq_ijyb, uniq_sigmund
D:6:      layout_basic, minitemple, minmay_temple_entry_mist,
          grunt_decor_resistance
D:7:      layout_gridville, dreamdust_mushroom_princess
D:8:      cheibrodos_fzero, layout_loops_cross,
          mainiacjoe_overflow_catwalk_spiral, lair_entry_dummy, uniq_joseph
D:9:      layout_small_grid, tgw_sif, david_orc_3, serial_shops,
          nicolae_shop_peninsula, enter_bailey_3, minmay_statue_crystal_thing
D:10:     layout_basic, uniq_grum
D:11:     cheibrodos_elevator_heist, layout_basic,
          hellmonk_ghost_happy_afterlife, gauntlet_entry_generic,
          kennysheep_generic_room_14
D:12:     layout_basic, uniq_jorgrun
Temple:   nicolae_temple_two_arcs
Lair:1:   layout_regular_city, grunt_megastairs_1, uniq_fannar
Lair:2:   nzn_winding_woodlands_large [nzn_winding_woodlands_5x5_default,
          nzn_winding_woodlands_5x15_pockets, nzn_winding_woodlands_5x5_default,
          nzn_winding_woodlands_center_lodge,
          nzn_winding_woodlands_15x15_boxy_spiral,
          nzn_winding_woodlands_center_diamonds,
          nzn_winding_woodlands_5x5_cross, nzn_winding_woodlands_5x15_jagged,
          nzn_winding_woodlands_5x5_open_star], layout_misc_corridors,
          minmay_snake_entry_guardpost_small, uniq_urug
Lair:3:   layout_concentric_octagons, minmay_swamp_entry_swarm
Gauntlet: gammafunk_gauntlet_mixed_choke_point [minmay_gauntlet_arena_77_braids,
          minmay_gauntlet_arena_77_fan,
          minmay_gauntlet_arena_77_radiant_squares,
          gammafunk_gauntlet_arena_split_diamond,
          minmay_gauntlet_arena_77_squiggly,
          minmay_gauntlet_arena_77_shame_cube,
          minmay_gauntlet_arena_77_hold_the_fort,
          nicolae_gauntlet_exit_dead_adventurers]

Skill      XL: |  1  2  3  4  5  6  7  8  9 10 11 12 13 |
---------------+----------------------------------------+-----
Short Blades   | 2 3 4 6 8 10 | 10.0
Fighting       | 2 5 7 9 |  9.2
Dodging        | 3 6 7 8 10 | 10.2
Evocations     | 6 7 |  7.0
Air Magic      | 4 |  4.0
Spellcasting   | 2 |  2.6
Stealth        | 6 10 | 10.8
Shapeshifting  | 4 8 11 | 11.9
Ranged Weapons | 7 |  7.1
Unarmed Combat | |  3.1

Action                     |  1- 3 |  4- 6 |  7- 9 | 10-12 | 13-15 || total
---------------------------+-------+-------+-------+-------+-------++-------
  Melee: Unarmed           |    28 |       |       |     7 |       ||    35
         Dagger            |    76 |   235 |   203 |   425 |   449 ||  1388
         Punch             |     2 |    15 |    12 |    22 |    19 ||    70
         Mace              |       |       |   156 |   212 |       ||   368
         Maw               |       |       |       |       |    96 ||    96
   Cast: Swiftness         |       |       |       |     1 |       ||     1
 Invoke: Serpent's Lash    |       |       |       |       |     1 ||     1
Ability: Lunge             |       |       |     1 |    50 |    29 ||    80
         Whirlwind         |       |       |       |    38 |    23 ||    61
  Evoke: Wand              |       |       |       |     7 |     1 ||     8
    Use: Scroll            |       |       |     9 |     8 |     2 ||    19
         Potion            |       |       |       |     7 |     1 ||     8
   Stab: Sleeping          |     9 |     6 |    12 |    37 |    29 ||    93
         Distracted        |     1 |       |     1 |     5 |     2 ||     9
 Armour: Animal skin       |     6 |       |       |       |       ||     6
         Ring mail         |    15 |    52 |    15 |       |       ||    82
         Leather armour    |       |       |    32 |    60 |    13 ||   105
         Skin              |       |       |       |     7 |     8 ||    15
  Dodge: Dodged            |    68 |   146 |   330 |   555 |   230 ||  1329
         Form:             |       |     1 |       |       |       ||     1
         Maw               |       |       |       |       |     1 ||     1

Table legend: (Time is in decaauts)
 A = Elapsed time spent in this place.
 B = Non-inter-level travel time spent in this place.
 C = Inter-level travel time spent in this place.
 D = Time resting spent in this place.
 E = Time spent auto-exploring this place.
 F = Levels seen in this place.
 G = Mean time per level.
                   A        B        C        D        E       F      G
               +--------+--------+--------+--------+--------+-----+--------+
         Total |  14796 |  14061 |    735 |   1775 |   8881 |  19 |  778.7 |
       Dungeon |   9356 |   8835 |    521 |   1109 |   5740 |  12 |  779.7 |
        Temple |     35 |     35 |      0 |      0 |      0 |   1 |   35.0 |
          Lair |   3920 |   3706 |    214 |    395 |   2574 |   3 | 1306.7 |
       Ossuary |    533 |    533 |      0 |      0 |    266 |   1 |  533.0 |
        Bailey |    536 |    536 |      0 |    271 |     85 |   1 |  536.0 |
      Gauntlet |    413 |    413 |      0 |      0 |    214 |   1 |  413.0 |
               +--------+--------+--------+--------+--------+-----+--------+

Top non-repeatable levels by time:
     D:8: 1624 daAuts
  Lair:1: 1562 daAuts
  Lair:2: 1323 daAuts
     D:7: 1212 daAuts
     D:9: 1050 daAuts
  Lair:3: 1035 daAuts
     D:4: 996 daAuts
     D:1: 992 daAuts
     D:5: 906 daAuts
     D:2: 847 daAuts
     D:6: 823 daAuts
     D:3: 631 daAuts
  Bailey: 536 daAuts
 Ossuary: 533 daAuts
Gauntlet: 413 daAuts
